 Dungeon Crawl Stone Soup version 0.29.1-15-g9cfb28693d (webtiles) character file.

Game seed: 15013537773345115419

63 CatalinOSBI the Grave Robber (level 3, -3/19 HPs)
             Began as a Deep Elf Necromancer on Mar 29, 2023.
             Slain by Crazy Yiuf
             ... wielding a +3 quarterstaff of chaos
              (16 damage)
             ... on level 2 of the Dungeon.
             The game lasted 00:09:41 (2026 turns).

CatalinOSBI the Grave Robber (Deep Elf Necromancer) Turns: 2026, Time: 00:09:44

Health: -3/19      AC:  2    Str:  5    XL:     3   Next: 87%
Magic:  7/10       EV: 13    Int: 21    God:
Gold:   122        SH:  0    Dex: 15    Spells: 8/9 levels left

rFire   . . .      SeeInvis .   j - +0 sling
rCold   . . .      Faith    .   (no shield)
rNeg    . . .      Spirit   .   a - +0 robe
rPois   .          Reflect  .   (no helmet)
rElec   .          Harm     .   (no cloak)
rCorr   .          Rampage  .   (no gloves)
Will    .....                   (no boots)
Stlth   ++........              (no amulet)
HPRegen 0.06/turn               (no ring)
MPRegen 0.12/turn               (no ring)

@: hasted and slowed
A: no striking features
a: no special abilities


You were on level 2 of the Dungeon.
You visited 1 branch of the dungeon, and saw 2 of its levels.

You collected 122 gold pieces.

Inventory:

Hand Weapons
 d - a +3 whip of venom
 i - a +0 dagger
 j - a +0 sling (weapon)
Armour
 a - a +0 robe (worn)
Scrolls
 e - a scroll of enchant armour {unknown}
 f - a scroll of vulnerability {unknown}
 g - a scroll of magic mapping {unknown}
 k - a scroll of immolation {unknown}
 l - a scroll of butterflies {unknown}
 m - a scroll of fear {unknown}
 o - a scroll of identify {unknown}
Potions
 b - a potion of magic
 c - 2 potions of heal wounds
 h - a potion of flight {unknown}
 n - a potion of haste {unknown}


   Skills:
 + Level 0.5 Ranged Weapons
 - Level 3.2 Dodging
 - Level 3.4 Stealth
 * Level 3.9 Spellcasting
 * Level 5.3 Necromancy


You had 8 spell levels left.
You knew the following spells:

 Your Spells              Type           Power      Damage    Failure   Level
a - Necrotise             Necr           100%       1d9       1%          1

Your spell library contained the following spells:

 Spells                   Type           Power      Damage    Failure   Level
 Vampiric Draining        Necr           26%        2d7       4%          3
 Sandblast                Erth           8%         2d5       12%         1
 Animate Dead             Necr           26%        N/A       14%         4
 Passwall                 Tmut/Erth      3%         N/A       19%         2
 Stone Arrow              Conj/Erth      8%         3d7       36%         3
 Agony                    Necr           26%        N/A       36%         5


Dungeon Overview and Level Annotations

Branches:
Dungeon (2/15)

Altars:

Shops:
D:1 *

Annotations:
D:2 Crazy Yiuf


Message History

n - a clear potion
o - a scroll labelled OWNAYSHR UDEAPLAV You see here a ball python skeleton.
Found a stone staircase leading down.
There is a stone staircase leading down here.
There is a stone staircase leading up here.
Found a hammer.
Found a runed translucent door.
Crazy Yiuf shouts!
Crazy Yiuf cries, "Rifle leg song!"
You open the door. Crazy Yiuf attacks as you move away!
Crazy Yiuf hits you with a +3 quarterstaff of chaos.
Casting: Necrotise (safe; 1% risk of failure)
Confirm with . or Enter, or press ? or * to list all spells.
Aiming: Necrotise (safe; 1% risk of failure)
Press: ? - help, Shift-Dir - straight line, f - Crazy Yiuf
Aim: Crazy Yiuf, wielding a +3 quarterstaff of chaos and wearing a +0 cloak (chance to affect: 88%) Crazy Yiuf writhes in agony!
Crazy Yiuf closely misses you.
Casting: Necrotise (safe; 1% risk of failure)
Confirm with . or Enter, or press ? or * to list all spells.
Aiming: Necrotise (safe; 1% risk of failure)
Press: ? - help, Shift-Dir - straight line, f/p - Crazy Yiuf
Aim: Crazy Yiuf, wielding a +3 quarterstaff of chaos and wearing a +0 cloak (heavily wounded, chance to affect: 88%) Crazy Yiuf barely resists.
Crazy Yiuf hits you with a +3 quarterstaff of chaos!
Ouch! That really hurt!
* * * LOW HITPOINT WARNING * * *
You feel yourself speed up.
You feel much better.
Crazy Yiuf hits you with a +3 quarterstaff of chaos.
You feel yourself slow down.
Casting: Necrotise (safe; 1% risk of failure)
Confirm with . or Enter, or press ? or * to list all spells.
Aiming: Necrotise (safe; 1% risk of failure)
Press: ? - help, Shift-Dir - straight line, f/p - Crazy Yiuf
Aim: Crazy Yiuf, wielding a +3 quarterstaff of chaos and wearing a +0 cloak (heavily wounded, chance to affect: 88%) Crazy Yiuf writhes in agony!
Crazy Yiuf hits you with a +3 quarterstaff of chaos!
Ouch! That really hurt!
You die...

..........# ... #.# #.......
###.#.....# #'# #.# #.######
#<####### ♣♣.♣ #.# #.# #.#
♣.♣♣ #.# #.# #.# ♣♣.♣ ##.#
#.# #.# ### ♣.♣♣ #..# #.#
#.# #.# ♣♣.♣♣ #### #.# ###.#
#.# ♣..g♣♣ ##.######
....#####.# ♣...@♣ #........
######....# #....# #..######
#.##.####..#### ##..######
#.##..##....#.#####.........
#.##.>......#.........######
######.##.###...##.#####..##
.......##.# ##....## #..#
#########.# #....######..#
### #.# ###.......#).#


You could see Crazy Yiuf.

Vanquished Creatures
  An adder (D:2)
  2 dart slugs (D:1)
  5 endoplasms
  2 giant cockroaches (D:1)
  3 goblins
  4 hobgoblins
  3 jackals (D:2)
  2 quokkas (D:1)
  A ball python (D:2)
  5 bats
  2 frilled lizards (D:1)
  6 kobolds
  4 rats
40 creatures vanquished.

Vanquished Creatures (collateral kills)
  An endoplasm (D:1)
  2 kobolds
  A frilled lizard (D:2)
  A rat (D:1)
5 creatures vanquished.

Grand Total: 45 creatures vanquished

Notes
Turn   | Place    | Note
-------+----------+-------------------------------------------
     0 | D:1      | CatalinOSBI the Deep Elf Necromancer began the quest for
                  | the Orb.
     0 | D:1      | Reached XP level 1. HP: 10/10 MP: 6/6
   254 | D:1      | Found Mettec's General Store.
   296 | D:1      | Reached skill level 5 in Necromancy
   342 | D:1      | Reached XP level 2. HP: 15/15 MP: 6/8
   774 | D:1      | Reached XP level 3. HP: 19/19 MP: 7/10
  1329 | D:2      | Found a faded altar of an unknown god.
  1983 | D:2      | Found a runed translucent door.
  1984 | D:2      | Noticed Crazy Yiuf
  2026 | D:2      | Slain by Crazy Yiuf

Illustrated notes

Levels and vault maps discovered:
D:1:      dpeg_arrival_prison, layout_basic, serial_shops, shop,
          hangedman_feature_mirror, chequers_serial_rivers_small_b
D:2:      layout_loops_ring, hellmonk_ecumenical_altar_inner_sanctum,
          uniq_crazy_yiuf_cottage

Skill      XL: |  1  2 |
---------------+-------+-----
Necromancy     | 5 |  5.3
Stealth        | 3 |  3.4
Dodging        | 3 |  3.2
Ranged Weapons | |  0.5
Spellcasting   | |  3.9

Action                   || total
-------------------------++-------
 Fire: Sling             ||    13
Throw: Stone             ||     1
 Cast: Necrotise         ||    59
  Use: Potion            ||     1
Armor: Robe              ||     1
Dodge: Dodged            ||     7
